 Dungeon Crawl Stone Soup version 0.28-a0-863-g8cecda6153 (webtiles) character file.

Game seed: 4663591310213923869

514 Htamos the Sneak (level 7, -21/33 HPs)
             Began as a Spriggan Enchanter on Nov 17, 2021.
             Was an Initiate of Sif Muna.
             Demolished by a two-headed ogre (25 damage)
             ... on level 4 of the Dungeon.
             The game lasted 00:09:08 (3997 turns).

Htamos the Sneak (Spriggan Enchanter)               Turns: 3997, Time: 00:09:09

Health: -21/33     AC:  2    Str:  4    XL:     7   Next: 0%
Magic:  10/12      EV: 19    Int: 17    God:    Sif Muna [......]
Gold:   113        SH:  0    Dex: 17    Spells: 9/11 levels left

rFire   . . .      SeeInvis +   g - +1 dagger (venom)
rCold   . . .      Faith    .   (shield restricted)
rNeg    . . .      Spirit   .   b - +0 robe
rPois   .          Reflect  .   (helmet restricted)
rElec   .          Harm     .   (no cloak)
rCorr   .          Rampage  .   (gloves unavailable)
Will    +....                   (boots unavailable)
Stlth   +++.......              (no amulet)
HPRegen 0.11/turn               (no ring)
MPRegen 0.13/turn               (no ring)

@: very quick
A: very small, no large weapons, unfitting armour, see invisible, speed 3
a: Renounce Religion


You were on level 4 of the Dungeon.
You worshipped Sif Muna.
Sif Muna was noncommittal.
You visited 1 branch of the dungeon, and saw 4 of its levels.

You collected 113 gold pieces.

Inventory:

Hand Weapons
 a - a +1 dagger
 g - a +1 dagger of venom (weapon)
Missiles
 f - 19 sling bullets
 i - a throwing net (quivered)
Armour
 b - a +0 robe (worn)
Wands
 k - a wand of polymorph (12)
 o - a wand of flame (15)
Scrolls
 d - a scroll of torment {unknown}
 e - 3 scrolls of fear {unknown}
 j - 4 scrolls of identify {unknown}
 l - a scroll of brand weapon {unknown}
 m - a scroll of magic mapping {unknown}
Potions
 c - a potion of invisibility
 h - a potion of mutation {unknown}
 n - a potion of curing {unknown}


   Skills:
 + Level 1.6 Fighting
 + Level 3.5 Short Blades
 + Level 4.9 Dodging
 + Level 6.5 Stealth
 - Level 2.7 Spellcasting
 + Level 5.1 Hexes
 + Level 2.1 Ice Magic


You had 9 spell levels left.
You knew the following spells:

 Your Spells              Type           Power      Damage    Failure   Level
a - Ensorcelled Hibernat  Hex/Ice        28%        N/A       6%          2

Your spell library contained the following spells:

 Spells                   Type           Power      Damage    Failure   Level
 Confusing Touch          Hex            19%        N/A       6%          3
 Tukima's Dance           Hex            19%        N/A       6%          3
 Dazzling Flash           Conj/Hex       22%        N/A       19%         3


Dungeon Overview and Level Annotations

Branches:
Dungeon (4/15)             Temple (0/1) D:4

Altars:
Elyvilon
Fedhas
Sif Muna
Xom


Innate Abilities, Weirdness & Mutations

You are very small and have problems with some larger weapons.
You are too small for most types of armour.
You have supernaturally acute eyesight. (SInv)
You cover ground extremely quickly. (Speed+++)


Message History

As you open the door, it creaks loudly!
Found a staircase to the Ecumenical Temple.
Found 23 bolts.
There is an open door here.
There is an open door here.
You open the door.
There is an open door here.
Found a kite shield.
Found a spear and a leather armour.
A scorpion comes into view.
Found a helmet.
Found a stone staircase leading up.
A two-headed ogre comes into view.
It is wielding a +0 giant club and a +0 giant spiked club.
The helpless scorpion fails to defend itself.
You impale the scorpion!!
You kill the scorpion!
Sif Muna accepts your kill.
You have reached level 7!
A worm comes into view.
There is a stone staircase leading up here.
The helpless two-headed ogre fails to defend itself.
You spit the two-headed ogre like a pig!!!
The two-headed ogre looks as sick as possible!
The two-headed ogre is severely wounded.
The two-headed ogre hits you with a +0 giant club!
The two-headed ogre hits you with a +0 giant spiked club!
* * * LOW HITPOINT WARNING * * *
Casting: Ensorcelled Hibernation (safe; 6% risk of failure)
Confirm with . or Enter, or press ? or * to list all spells.
Aiming: Ensorcelled Hibernation (safe; 6% risk of failure)
Press: ? - help, Shift-Dir - straight line, f - two-headed ogre
Aim: a two-headed ogre, wielding a +0 giant club and a +0 giant spiked club (almost dead, extremely poisoned, chance to affect: 28%)
The two-headed ogre looks drowsy...
The two-headed ogre shouts in stereo!
You hit the two-headed ogre but do no damage.
The two-headed ogre looks as sick as possible!
The two-headed ogre is almost dead.
The two-headed ogre hits you with a +0 giant club!!
Ouch! That really hurt!
You die...

.######........#.....#
#.##.....###+###
#.##..........#
#.#.........).# #
####.#...........#
..###...........[....#
.....................#
..............#.####.##.
#....O@.....#.....[...
..............##........
..##....................
#....................
#..........##........
###.#..[.#..#........
.w...#..##.....#....
...##....# ###.......
### ..##.# .#.....


You could see a two-headed ogre (extremely poisoned) and a worm.

Vanquished Creatures
  Sigmund (D:3)
  A scorpion (D:4)
  A gnoll shaman (D:3)
  Jessica (D:3)
  Natasha (thrice) (D:3)
  An orc wizard (D:3)
  3 gnolls (D:3)
  5 adders
  2 worms (D:2)
  3 orcs (D:3)
  10 ball pythons
  4 endoplasms
  2 giant cockroaches
  4 goblins
  5 hobgoblins
  6 kobolds
  2 quokkas
  4 bats
  2 frilled lizards
  7 rats
67 creatures vanquished.

Vanquished Creatures (others)
  A bush (D:3)
  A butterfly (D:3)
  16 plants (D:3)
18 creatures vanquished.

Grand Total: 85 creatures vanquished

Notes
Turn   | Place    | Note
-------+----------+-------------------------------------------
     0 | D:1      | Htamos the Spriggan Enchanter began the quest for the Orb.
     0 | D:1      | Reached XP level 1. HP: 9/9 MP: 5/5
   552 | D:1      | Reached XP level 2. HP: 7/13 MP: 6/6
  1275 | D:1      | Learned a level 2 spell: Ensorcelled Hibernation
  1417 | D:2      | Reached skill level 5 in Stealth
  1424 | D:2      | Reached XP level 3. HP: 9/16 MP: 8/8
  1734 | D:2      | Found a shimmering altar of Xom.
  2102 | D:2      | Reached XP level 4. HP: 20/21 MP: 9/9
  2491 | D:3      | Reached skill level 1 in Ice Magic
  2491 | D:3      | Noticed Natasha
  2713 | D:3      | Found a blossoming altar of Fedhas.
  2755 | D:3      | Found a shimmering blue altar of Sif Muna.
  2760 | D:3      | Became a worshipper of Sif Muna the Loreminder
  2824 | D:3      | Found a white marble altar of Elyvilon.
  3115 | D:3      | Reached XP level 5. HP: 24/25 MP: 3/10
  3137 | D:3      | Noticed Sigmund
  3227 | D:3      | Killed Sigmund
  3228 | D:3      | Reached skill level 1 in Fighting
  3228 | D:3      | Reached skill level 6 in Stealth
  3228 | D:3      | Reached XP level 6. HP: 21/30 MP: 5/11
  3460 | D:3      | Killed Natasha
  3475 | D:3      | Noticed Jessica
  3490 | D:3      | Killed Jessica
  3491 | D:3      | Reached skill level 5 in Hexes
  3727 | D:3      | Noticed Natasha
  3737 | D:3      | Killed Natasha
  3857 | D:3      | Noticed Natasha
  3863 | D:3      | Killed Natasha
  3950 | D:4      | Found a staircase to the Ecumenical Temple.
  3984 | D:4      | Noticed a two-headed ogre
  3986 | D:4      | Reached XP level 7. HP: 33/33 MP: 12/12
  3997 | D:4      | Demolished by a two-headed ogre

Illustrated notes

Levels and vault maps discovered:
D:1:      mrwooster_arrival_statue, layout_loops_cross
D:2:      layout_loops_ring, basic_altar
D:3:      layout_rooms, nicolae_elyvilon_peaceful_grove, fedhas_altar_1,
          nicolae_sif_muna_little_library, nicolae_grassy_gnolls, uniq_natasha,
          uniq_sigmund, uniq_jessica
D:4:      layout_rooms, lemuel_crystal_altar, minmay_temple_entry_hall

Skill      XL: |  1  2  3  4  5  6 |
---------------+-------------------+-----
Dodging        | 3 4 |  4.9
Hexes          | 4 5 |  5.1
Stealth        | 5 6 |  6.5
Short Blades   | 2 3 |  3.5
Ice Magic      | 1 2 |  2.1
Fighting       | 1 |  1.6
Spellcasting   | |  2.7

Action                   |  1- 3 |  4- 6 |  7- 9 || total
-------------------------+-------+-------+-------++-------
Melee: Dagger            |    94 |    60 |     2 ||   156
 Cast: Ensorcelled Hiber |     7 |    18 |     1 ||    26
Evoke: Wand              |       |     1 |       ||     1
  Use: Potion            |     1 |       |       ||     1
 Stab: Sleeping          |    11 |    16 |     1 ||    28
       Distracted        |     1 |       |       ||     1
Armor: Robe              |     6 |     2 |       ||     8
Dodge: Dodged            |    54 |    33 |       ||    87

Table legend: (Time is in decaauts)
 A = Elapsed time spent in this place.
 B = Non-inter-level travel time spent in this place.
 C = Inter-level travel time spent in this place.
 D = Time resting spent in this place.
 E = Time spent auto-exploring this place.
 F = Levels seen in this place.
 G = Mean time per level.
                   A        B        C        D        E       F      G
               +--------+--------+--------+--------+--------+-----+--------+
         Total |   3185 |   3017 |    168 |    256 |   2200 |   4 |  796.2 |
       Dungeon |   3185 |   3017 |    168 |    256 |   2200 |   4 |  796.2 |
               +--------+--------+--------+--------+--------+-----+--------+

Top non-repeatable levels by time:
     D:2: 1118 daAuts
     D:1: 1028 daAuts
     D:3: 947 daAuts
     D:4: 90 daAuts
